Cogmind - Beta 11 X8 @@@ ROGUE MODE // 2021.11.10 @ 07:41:48 Player: ZEROAFFEX Result: Destroyed by as-17678 with Assembled F-torch Performance ------------- Evolutions (0) 0 Regions Visited (4) 800 Robots Destroyed (11) 55 Value Destroyed (272) 272 Prototype IDs (23) 460 Alien Tech Used (0) 0 Bonus (392) 392 TOTAL SCORE: 1979 Bonus ------- Follower Combat Kills 92 Aligned with FarCom 300 Cogmind --------- Core Integrity 0/250 Matter 228/300 Energy 250/250 System Corruption 0% Temperature Cool (20) Movement Treading (240) Ox1 Location -9/Mines Parts ------- > --- POWER (1) -------- Ion Engine > --- PROPULSION (2) --- Light Treads Light Treads > --- UTILITY (2) ------ Improved Heat Sink High-capacity Storage Unit > --- WEAPON (2) ------- Beam Cannon Mining Claw > --- INVENTORY (20) --- Ion Engine Ion Engine Light Nuclear Core Fission Core Light Treads Light Treads Light Treads Compact Wheel Huge Storage Unit Large Matter Pod (150) Structural Scanner Experimental Sensor Array Armor Integrity Analyzer Trap Reconfigurator Particle Gun Particle Gun Assault Rifle Light Assault Rifle Peak State ------------ > --- POWER ------------ Ion Engine > --- PROPULSION ------- Light Treads Light Treads > --- UTILITY ---------- Improved Heat Sink High-capacity Storage Unit > --- WEAPON ----------- Assault Rifle Bore Cannon > --- INVENTORY -------- Ion Engine Ion Engine Light Nuclear Core Fission Core Light Treads Light Treads Light Treads Light Treads Compact Wheel Huge Storage Unit Large Matter Pod Structural Scanner Experimental Sensor Array Trap Reconfigurator Particle Gun Particle Gun Beam Cannon Assault Rifle Light Assault Rifle Mining Claw [Rating: 17] Favorites ----------- Power Ion Engine Engine Ion Engine Propulsion Light Treads Treads Light Treads Wheel Wheel Utility Propulsion Shielding Device Improved Heat Sink Storage High-capacity Storage Unit Protection Propulsion Shielding Weapon Particle Gun Energy Gun Particle Gun Energy Cannon Beam Cannon Ballistic Gun Assault Rifle Ballistic Cannon Bore Cannon Slashing Weapon Mining Claw Build | -11 -10 -10 -10 -9 ------- Run | Scr Mat Min Exi Min Slots Evolved . | . . . . . Power . | . . . . . Propulsion . | . . . . . Utility . | . . . . . Weapon . | . . . . . Parts Attached 31 | 6 11 5 . 9 Power 3 | 1 1 1 . . Engine 3 | 1 1 1 . . Core . | . . . . . Reactor . | . . . . . Propulsion 7 | 2 . 1 . 4 Treads 5 | 1 . 1 . 3 Leg . | . . . . . Wheel 2 | 1 . . . 1 Hover . | . . . . . Flight . | . . . . . Utility 6 | 1 4 . . 1 Device 1 | . . . . 1 Storage 3 | 1 2 . . . Processor . | . . . . . Hackware . | . . . . . Protection 2 | . 2 . . . Artifact . | . . . . . Weapon 15 | 2 6 3 . 4 Energy Gun 5 | 2 2 1 . . Energy Cannon 3 | . 1 . . 2 Ballistic Gun 4 | . 2 2 . . Ballistic Cannon 1 | . . . . 1 Launcher . | . . . . . Special Weapon . | . . . . . Impact Weapon . | . . . . . Slashing Weapon 2 | . 1 . . 1 Piercing Weapon . | . . . . . Special Melee Weapon . | . . . . . Unidentified Prototypes . | . . . . . Parts Lost 6 | . 1 . . 5 Power 1 | . 1 . . . Propulsion 2 | . . . . 2 Utility 1 | . . . . 1 Weapon 2 | . . . . 2 Highest Loss Streak 2 | . 1 . . 2 Average Slot Usage (%) 98 | . 97 100 100 97 Engine 14 | . 14 14 14 14 Treads 14 | . 14 14 14 21 Wheel 13 | . 14 14 14 5 Storage 14 | . 14 14 14 14 Protection 12 | . 12 14 14 5 Energy Gun 11 | . 12 23 . . Energy Cannon 1 | . 2 . . 3 Ballistic Gun 11 | . 9 4 28 9 Slashing Weapon 2 | . 3 . . 6 Naked Turns . | . . . . . Heaviest Build 92 | 10 92 52 50 57 Greatest Support 40 | 10 10 10 10 40 Greatest Overweight (x) 9 | . 9 5 4 4 Average Overweight (x) 5 | . 7 4 4 1 Largest Inventory Capacity 25 | 8 25 20 20 20 Average Capacity 22 | 6 24 20 20 20 Most Carried 20 | 4 20 20 20 20 Average Carried 14 | 2 11 19 19 19 Final Capacity 20 | 8 20 20 20 20 Final Carried 20 | 4 20 20 20 18 Class Distribution -------------------- 97% | Mutant Dominant Class ---------------- Mutant | -10/Materials Mutant | -10/Mines Mutant | -10/Exiles Scavenger-Mutant | -9/Mines Resources | -11 -10 -10 -10 -9 ----------- Run | Scr Mat Min Exi Min Matter Collected 827 | 157 296 209 . 165 Remotely . | . . . . . Salvage Created 480 | . 362 . . 118 Parts 21 | . 19 . . 2 Haulers Intercepted 1 | . 1 . . . Recyclers Shooed . | . . . . . Parts Field Recycled . | . . . . . Retrieved Matter . | . . . . . Parts Self-Destructed . | . . . . . Prevented . | . . . . . Kills | -11 -10 -10 -10 -9 ------- Run | Scr Mat Min Exi Min Combat Hostiles Destroyed 18 | . 9 . . 9 Guns 10 | . 8 . . 2 Cannons 8 | . 1 . . 7 Classes Destroyed 4 | . 3 . . 1 Hauler 1 | . 1 . . . Swarmer 4 | . 3 . . 1 Grunt 6 | . 6 . . . Assembled 8 | . . . . 8 Best Kill Streak 7 | . 5 . . 7 Combat Bots Only 7 | . 5 . . 7 Max Kills in Single Turn 2 | . 2 . . 2 Gunslinging 1 | . 1 . . . Exploded . | . . . . . Melee . | . . . . . Uniques/NPCs Destroyed . | . . . . . Combat | -11 -10 -10 -10 -9 -------- Run | Scr Mat Min Exi Min Damage Taken 1320 | . 413 196 . 711 Core 252 | . 54 67 . 131 Absorbed by Shields . | . . . . . Core Remaining (%) 100 | 100 . . . . Volleys Fired 59 | . 30 5 . 24 Largest 2 | . 2 2 . 2 Hottest 130 | . 80 130 . 77 Shots Fired 108 | . 60 10 . 38 Gun 72 | . 46 10 . 16 Cannon 36 | . 14 . . 22 Launcher . | . . . . . Special . | . . . . . Kinetic 69 | . 30 6 . 33 Thermal 39 | . 30 4 . 5 Explosive . | . . . . . Electromagnetic . | . . . . . Robot Hit Streak 12 | . 10 12 . 6 Robot Miss Streak 3 | . 3 2 . 3 Penetration Max 1 | . . . . 1 Secondary Targets 3 | . 3 . . . Max Gunslinging Chain 1 | . 1 . . . Shots Hit Robots 74 | . 44 7 . 23 Core Hits 36 | . 20 1 . 15 Critical Kills 7 | . 1 . . 6 Critical Parts Destroyed 1 | . . . . 1 Critical Strikes 9 | . 1 1 . 7 Burn 1 | . . 1 . . Destroy 8 | . 1 . . 7 Melee Attacks 4 | . 4 . . . Impact . | . . . . . Slashing 4 | . 4 . . . Piercing . | . . . . . Sneak Attacks . | . . . . . Combat Hostiles . | . . . . . Follow-up Attacks . | . . . . . Damage Inflicted 1057 | . 519 117 . 421 Guns 628 | . 343 117 . 168 Cannons 429 | . 176 . . 253 Explosions . | . . . . . Melee . | . . . . . Ramming . | . . . . . Kinetic 565 | . 177 55 . 333 Thermal 492 | . 342 62 . 88 Explosive . | . . . . . Electromagnetic . | . . . . . Impact . | . . . . . Slashing . | . . . . . Piercing . | . . . . . Highest Corruption . | . . . . . Average Corruption . | . . . . . Corruption Purged . | . . . . . Overload Shots . | . . . . . Overflow Damage . | . . . . . Projectiles . | . . . . . Explosions . | . . . . . Melee . | . . . . . Knockbacks 2 | . . . . 2 Impact . | . . . . . Kinetic 1 | . . . . 1 Secondary 1 | . . . . 1 Self-Inflicted Damage . | . . . . . Shots . | . . . . . Rammed . | . . . . . Targets Rammed . | . . . . . Kicked . | . . . . . Crushed . | . . . . . Highest Temperature 300 | . 300 180 . 160 Average Temperature 87 | . 96 117 . 52 Received Heat Transfer 604 | . 192 123 . 289 Effects 2 | . 2 . . . Energy Bleed 1 | . 1 . . . Short Circuit 1 | . 1 . . . Siege Activations . | . . . . . Robots Corrupted . | . . . . . Combat Hostiles . | . . . . . Parts Fried . | . . . . . Impact Corruptions . | . . . . . Robots Melted . | . . . . . Combat Hostiles . | . . . . . Parts Melted 1 | . 1 . . . Heat Transferred 1258 | . 851 222 . 185 Parts Sabotaged . | . . . . . Parts Stolen . | . . . . . Parts Stripped . | . . . . . Power Chain Reactions . | . . . . . Missiles Intercepted . | . . . . . Alert | -11 -10 -10 -10 -9 ------- Run | Scr Mat Min Exi Min Peak Influence 188 | . 188 74 . 47 Initial . | . . . . . Average 32 | . 42 4 . 32 Maximum Alert Level . | . . . . . Low Security (%) 100 | 100 100 100 . 100 Level 1 . | . . . . . Level 2 . | . . . . . Level 3 . | . . . . . Level 4 . | . . . . . Level 5 . | . . . . . High Security . | . . . . . Max Security . | . . . . . Squads Dispatched 2 | . 1 1 . . Investigation . | . . . . . Extermination . | . . . . . Reinforcement 1 | . 1 . . . Assault 1 | . . 1 . . Garrison . | . . . . . Intercept . | . . . . . Construction Impeded . | . . . . . Haulers Reinforced . | . . . . . Active Scanning Responses . | . . . . . Cargo Convoy Interrupts . | . . . . . Stealth | -11 -10 -10 -10 -9 --------- Run | Scr Mat Min Exi Min Distress Signals . | . . . . . Communications Jammed . | . . . . . Distress Signals . | . . . . . Times Spotted 42 | . 19 4 . 19 Peak Tracking Total 10 | . 4 3 . 10 Tactical Retreats 2 | . . . . 2 Traps | -11 -10 -10 -10 -9 ------- Run | Scr Mat Min Exi Min Traps Triggered . | . . . . . Indirectly . | . . . . . Trap Hack Attempts . | . . . . . Triggered . | . . . . . Disarmed . | . . . . . Reprogrammed . | . . . . . Reused . | . . . . . Traps Extracted . | . . . . . Installed . | . . . . . Triggered . | . . . . . Machines | -11 -10 -10 -10 -9 ---------- Run | Scr Mat Min Exi Min Machines Disabled . | . . . . . Max in Single Turn . | . . . . . Machines Sabotaged . | . . . . . Garrisons Compromised . | . . . . . Overloaded Fab Kills . | . . . . . Hacking | -11 -10 -10 -10 -9 --------- Run | Scr Mat Min Exi Min Machines Accessed 11 | . 7 . 4 . Terminals 7 | . 7 . . . Fabricators . | . . . . . Repair Stations . | . . . . . Recycling Units . | . . . . . Scanalyzers . | . . . . . Garrison Access . | . . . . . Total Hacks 46 | . 19 . 27 . Successful 38 | . 11 . 27 . Failed 8 | . 8 . . . Catastrophic . | . . . . . Database Lockouts . | . . . . . Manual 17 | . 16 . 1 . Terminals 19 | . 19 . . . Fabricators . | . . . . . Repair Stations . | . . . . . Recycling Units . | . . . . . Scanalyzers . | . . . . . Garrison Access . | . . . . . Terminal Hacks 32 | . 5 . 27 . Record 26 | . . . 26 . Locate Traps 4 | . 4 . . . Zone Layout 1 | . 1 . . . EX-Prototype ID Bank 1 | . . . 1 . Fabricator Hacks . | . . . . . Repair Station Hacks . | . . . . . Recycling Unit Hacks . | . . . . . Scanalyzer . | . . . . . Garrison Access Hacks . | . . . . . Unauthorized Hacks 6 | . 6 . . . Terminals 6 | . 6 . . . Track 6 | . 6 . . . Fabricators . | . . . . . Repair Stations . | . . . . . Recycling Units . | . . . . . Scanalyzers . | . . . . . Garrison Access . | . . . . . Data Cores Recovered . | . . . . . Used . | . . . . . Hacking Detections 6 | . 6 . . . Full Trace Events 1 | . 1 . . . Feedback Events . | . . . . . Feedback Blocked . | . . . . . Robot Schematics Acquired . | . . . . . Robots Built . | . . . . . Authchips . | . . . . . Time . | . . . . . Total Robot Build Rating . | . . . . . Part Schematics Acquired . | . . . . . Parts Built . | . . . . . Authchips . | . . . . . Time . | . . . . . Total Part Build Rating . | . . . . . Parts Repaired . | . . . . . Time . | . . . . . Parts Recycled . | . . . . . Recycled Matter . | . . . . . Retrieved Matter . | . . . . . Retrieved Components . | . . . . . Parts Scanalyzed . | . . . . . Part Schematics Acquired . | . . . . . Parts Damaged . | . . . . . Bothacking | -11 -10 -10 -10 -9 ------------ Run | Scr Mat Min Exi Min Used RIF Installer . | . . . . . Robots Hacked . | . . . . . Non-combat . | . . . . . Combat . | . . . . . Robot Hacks Applied . | . . . . . Relay Couplers Released . | . . . . . Fabnet Peak Effective % . | . . . . . Robots Rewired . | . . . . . Allies Hacked . | . . . . . Hacks Repelled . | . . . . . Allies | -11 -10 -10 -10 -9 -------- Run | Scr Mat Min Exi Min Total Allies 1 | . . 1 . . Largest Group 1 | . . 1 1 1 Highest-Rated Group 31 | . . 31 31 31 Highest-Rated Ally 31 | . . 31 31 31 Total Orders . | . . . . . Ally Attacks 24 | . . 7 . 17 Total Damage 336 | . . 124 . 212 Kills 8 | . . 3 . 5 Allies Corrupted . | . . . . . Allies Melted 1 | . . . . 1 Intel | -11 -10 -10 -10 -9 ------- Run | Scr Mat Min Exi Min Robot Analysis Total . | . . . . . Derelict Logs Recovered 3 | . . 2 . 1 Drone Launches . | . . . . . Drone Recoveries . | . . . . . Exploration | -11 -10 -10 -10 -9 ------------- Run | Scr Mat Min Exi Min Turns Passed 2271 | 42 1289 437 375 128 Spaces Moved 1189 | 38 606 256 266 23 Core 4 | 4 . . . . Treads 14 | . . . . 14 Legs . | . . . . . Wheels 1171 | 34 606 256 266 9 Hover . | . . . . . Flight . | . . . . . Fastest Speed 50 | 50 80 140 140 130 Average Speed 167 | 76 189 152 140 201 Slowest Speed 240 | 80 215 155 140 240 Overloaded Moves . | . . . . . Propulsion Burnouts . | . . . . . Robots Hopped . | . . . . . Cave-ins Triggered . | . . . . . Exploration Rate (%) 42 | 3 94 45 63 6 Regions Visited 4 Branch Regions 3 Pre-discovered Areas 1 | . . 1 . . Known Exits Taken . | . . . . . Unknown Exits Taken 4 | 1 1 1 1 . Scrap Searched 1 | . . 1 . . Spaces Dug 3 | . 3 . . . Terrain Destroyed 10 | . 3 . . 7 Melee 3 | . 3 . . . Projectile 7 | . . . . 7 AOE . | . . . . . Terrain Rammed . | . . . . . Walls Destroyed . | . . . . . Machines Disabled . | . . . . . Actions | -11 -10 -10 -10 -9 --------- Run | Scr Mat Min Exi Min Total 1361 | 47 686 293 269 66 Wait 37 | . 9 22 2 4 Move 1185 | 37 605 255 265 23 Hop . | . . . . . Pick Up 28 | 4 18 2 1 3 Fast Attach 14 | 6 6 . . 2 Attach 7 | . 1 1 . 5 Detach 3 | . 1 1 . 1 Swap 10 | . 4 4 . 2 Drop 14 | . 8 3 1 2 Fire 59 | . 30 5 . 24 Melee 4 | . 4 . . . Ram . | . . . . . Kick . | . . . . . Crush . | . . . . . Escape Stasis . | . . . . . Rewire . | . . . . . Trap . | . . . . . Miscellaneous . | . . . . . Route ------- -11/Scrapyard -10/Materials (discovered 5 exits: [*Mat x3] / [*Min x2]) -10/Mines (discovered 3 exits: [*Mat x2] / *Exi) -10/Exiles (discovered 2 exits: [*Min x2]) -9/Mines History --------- Turn | Location | Event 7 | -11/Scrapyard | Discovered new exit (range 16) 43 | -11/Scrapyard | Entered Materials 130 | -10/Materials | Discovered new exit (range 13) 218 | -10/Materials | Discovered new exit (range 16) 306 | -10/Materials | Build established: Mutant 477 | -10/Materials | Discovered new exit (range 3) 839 | -10/Materials | Discovered new exit (range 16) 1145 | -10/Materials | Discovered new exit (range 3) 1332 | -10/Materials | Entered Mines 1377 | -10/Mines | Discovered new exit (range 5) 1427 | -10/Mines | Found a damaged Exp. Sensor Array with a note attached 1431 | -10/Mines | Found Prototype Device 1618 | -10/Mines | Learned location of Mines (-9) 1619 | -10/Mines | Met a Derelict testing a Signal Generator 1620 | -10/Mines | Learned Materials stockpile data 1621 | -10/Mines | Discovered new exit (range 3) 1757 | -10/Mines | Deemed a non-threat by the Exiles lab entrance 1757 | -10/Mines | Discovered new exit (range 5) 1769 | -10/Mines | Entered Exiles 1769 | -10/Exiles | Accompanied by 1 ally 1790 | -10/Exiles | Discovered new exit (range 15) 1816 | -10/Exiles | Met 8R-AWN 1838 | -10/Exiles | Met EX-HEX 1881 | -10/Exiles | Met EX-BIN 1905 | -10/Exiles | Aligned with FarCom system 1907 | -10/Exiles | Given EX-Vault access code 1974 | -10/Exiles | Opened EX-Vault 1984 | -10/Exiles | Found Trap Reconfigurator 2013 | -10/Exiles | Warned to stay clear of 0b10 Research branches 2032 | -10/Exiles | Exiles lab attacked by MAIN.C 2124 | -10/Exiles | Discovered new exit (range 14) 2144 | -10/Exiles | Left Exiles lab with Trap Reconfigurator 2144 | -10/Exiles | Entered Mines 2144 | -9/Mines | Accompanied by 1 ally 2145 | -9/Mines | Assembled infested the area 2150 | -9/Mines | Assisted by a Guerilla fighting off Assembled 2172 | -9/Mines | Core integrity fell below 50% 2195 | -9/Mines | Core integrity fell below 20% 2248 | -9/Mines | Learned 2 Materials zone layouts 2253 | -9/Mines | Destroyed 7 combat bots 2272 | -9/Mines | Destroyed by as-17678 with Assembled F-torch Last Messages --------------- 02218_ HV Slug penetrates Earth. 02218_ as-73197 destroyed. 02220_ HV Slug penetrates as-31276. 02220_ as-31276 suffers critical hit (Destroy). 02220_ as-31276 destroyed. 02222_ Acquired 71 matter. 02227_ Acquired Armor Integrity Analyzer. 02228_ Acquired 12 matter. 02230_ HV Slug penetrates Wall. 02232_ HV Slug penetrates as-11202. 02232_ as-11202 suffers critical hit (Destroy). 02232_ as-11202 destroyed. 02234_ Acquired 16 matter. 02236_ Acquired 2 matter. 02248_ Acquired derelict log, extracted data. Data stored: Materials zone layouts (x2). 02257_ Bore Cannon destroyed. 02264_ Lgt. Treads destroyed. 02268_ as-72621 destroyed. 02270_ Acquired 18 matter. Map ----- +----------------------------------------------------+ | ?????????????????????????????????????????? | | ?????????????????????????????????????????? | | ?????????????????????????????????????????? | | ?????????????????????????????????????????? | | ?????????????????????????????????????????? | | ?????????????????????????????????????????? | | ?????????????????????????????????????????? | | ?????????????????????????????????????????? | | ?????????????????????????????????????????? | | ?????????????????????????????????????????? | | ?????????????????????????????????????????? | | ?????????????????????????????????????????? | | ?????????????????????????????????????????? | | ?????????????????????????????????????????? | | ?????????????????????????????????????????? | | ?????????????????????????????????????????? | | ?????????????????????????????????????????? | | ?????????????????????????????????????????? | | ???????###???????????????????????????????? | | ???????# ???????????????????#???????????? | | ???????# #????????????????? #???????????? | | ?????### #?????????###### ?????????????? | | ?????# " #????????? ???????????????? | | ??????#" #???????? %% ??????????????????? | | ??????##%######### a#????????????????????? | | ???##?# @ #????????????????????? | | ???# ## #;######## #????????????????????? | | ????# # ###??????? #????????????????????? | | ????#%% %#????????? ???????????????????? | | ????### %#????????? ??????????????????? | | ??????#%##?????????? ?????????????????? | | ????###]####???????? ##????????????????? | | ????# % #????????? ##?????????????????? | | ????#%[ #?????????##??????????????????? | | ????#* % #?????????????????????????????? | | ????# * #?????????????????????????????? | | ????#= #?????????????????????????????? | | ????# #?????????????????????????????? | | ????########?????????????????????????????? | | ?????????????????????????????????????????? | | ?????????????????????????????????????????? | | ?????????????????????????????????????????? | | | | | | | | | | | | | | | | | +----------------------------------------------------+ Best States ------------- Heat Dissipation 39 Energy Generation 10 Energy Capacity 250 Matter Stores 300 Matter Capacity 300 Sight Range 16 Terrain Scan Density 10 Propulsion Shielding 33 Evasion (%) 44 Recoil Reduction 2 Item Schematics ----------------- None Robot Schematics ------------------ None Fabricated ------------ Nothing Alien Tech Used ----------------- None Achievements -------------- None Challenges ------------ None Game ------ Seed UtilityAluminumProjector Manual? 0 Play Time 00:30:07 Cumulative 77.5 hours Start 2021.11.09 @ 15:19:03 End 2021.11.10 @ 07:41:48 Sessions 3 Manual Loads 0 Difficulty Rogue Special Mode None Game No. 59 Rogue 57 Adventurer 2 Explorer 0 Win Type - Total 0 Types 0/0/0/0/0/0/0/0/0 Lore% 34 Gallery% 34 Achievement% 32 Wizard Run 0 Options --------- ASCII 0 Keyboard 0 Movement Mouse Keybinds 1 Fullscreen 1 Font 18/TerminusBold Map View 76x50 Tactical HUD 1 Map Filters NONE Filters NONE Steam 1 RUN: 1ca61285-9d34-4516-9c72-be4dc9916457